 Dungeon Crawl Stone Soup version 0.28-a0-863-g8cecda6153 (webtiles) character file.

Game seed: 16523521778423933132

21 Madmarshman the Chopper (level 2, 0/27 HPs)
             Began as a Minotaur Berserker on Nov 20, 2021.
             Was a Follower of Trog.
             Slain by a gnoll (1 damage)
             ... on level 2 of the Dungeon.
             The game lasted 00:08:48 (1153 turns).

Madmarshman the Chopper (Minotaur Berserker)        Turns: 1153, Time: 00:08:48

Health: 0/27       AC:  2    Str: 21    XL:     2   Next: 62%
Magic:  1/1        EV: 12    Int:  4    God:    Trog [*.....]
Gold:   8          SH:  0    Dex:  9    Spells: 1/1 levels left

rFire   x . .      SeeInvis .   a - +0 hand axe
rCold   + . .      Faith    .   (no shield)
rNeg    . . .      Spirit   .   b - +0 animal skin
rPois   .          Reflect  .   (helmet restricted)
rElec   .          Harm     .   (no cloak)
rCorr   .          Rampage  .   (no gloves)
Will    .....                   (no boots)
Stlth   +.........              (no amulet)
HPRegen 0.09/turn               d - ring of ice
MPRegen 0.07/turn               (no ring)

@: no status effects
A: horns 2, retaliatory headbutt
a: Renounce Religion, Berserk


You were on level 2 of the Dungeon.
You worshipped Trog.
Trog was aware of your devotion.
You visited 1 branch of the dungeon, and saw 2 of its levels.

You collected 8 gold pieces.

Inventory:

Hand Weapons
 a - a +0 hand axe (weapon)
 c - a +1 dagger of electrocution
Armour
 b - a +0 animal skin (worn)
Jewellery
 d - a ring of ice (left hand)
 f - an amulet of the acrobat
Wands
 g - a wand of acid (7)
Scrolls
 e - a scroll of identify {unknown}


   Skills:
 + Level 3.9 Fighting
 * Level 4.1 Axes
 + Level 2.8 Armour
 + Level 2.5 Dodging


You had one spell level left.
You didn't know any spells.
Your spell library was empty.

Dungeon Overview and Level Annotations

Branches:
Dungeon (2/15)

Altars:


Innate Abilities, Weirdness & Mutations

You have a pair of horns on your head.
You reflexively headbutt those who attack you in melee.


Message History

Found a stone staircase leading up.
The rat barely misses you.
A ball python comes into view.
The rat closely misses you. The hobgoblin barely misses you.
A gnoll comes into view. It is wielding a +0 club.
The gnoll shouts!
The ball python misses you. The ball python closely misses you.
The rat closely misses you.
You are too injured to fight recklessly!
You are too injured to fight recklessly!
You are too injured to fight recklessly!
You are too injured to fight recklessly!
You are too injured to fight recklessly!
You slash the ball python!
You kill the ball python!
Trog accepts your kill.
You barely miss the hobgoblin. You hit the rat.
An adder comes into view.
The rat barely misses you. You furiously retaliate!
You headbutt the rat, but do no damage. The hobgoblin hits you.
* * * LOW HITPOINT WARNING * * *
A gnoll comes into view. It is wielding a +0 spear.
A gnoll comes into view. It is wielding a +0 whip.
The gnoll shouts! x2; You hear a shout!
A gnoll comes into view. It is wielding a +0 club.
You see here the Unrestrained Analects.
Found a stone staircase leading down.
The adder hisses angrily.
You hit the gnoll.
The gnoll is moderately wounded.
You barely miss the rat. The rat completely misses you.
The gnoll hits you with a +0 club.
* * * LOW HITPOINT WARNING * * *
You hit the gnoll.
The gnoll is severely wounded.
You barely miss the rat. The rat bites you.
* * * LOW HITPOINT WARNING * * *
The gnoll hits you with a +0 club.
You die...

.......>... .........#
#........ ...g... ..gS.
## .g. .<. #g# ##.# #@#
#... . #r# ##..##
#..###g###..#$#
#.....l.##.##.# #
###...........# .#
.?.............#..###.##
........#...............#
........#...#.##...#....#
...... #...#...........#


You could see 4 gnolls, an adder, a hobgoblin, a frilled lizard and a rat.

Vanquished Creatures
  4 bats
  4 endoplasms (D:2)
  2 goblins (D:1)
  A hobgoblin (D:2)
  A quokka (D:1)
  A ball python (D:2)
  2 frilled lizards (D:1)
  3 kobolds
  2 rats (D:1)
20 creatures vanquished.

Notes
Turn   | Place    | Note
-------+----------+-------------------------------------------
     0 | D:1      | Madmarshman the Minotaur Berserker began the quest for the
                  | Orb.
     0 | D:1      | Reached XP level 1. HP: 19/19 MP: 0/0
   538 | D:1      | Found a faded altar of an unknown god.
   573 | D:1      | Reached XP level 2. HP: 27/27 MP: 1/1
  1040 | D:2      | Reached skill level 4 in Axes
  1153 | D:2      | HP: 1/27 [rat (1)]
  1153 | D:2      | Slain by a gnoll

Illustrated notes

Levels and vault maps discovered:
D:1:      matt_arrival_los_fun, layout_basic,
          hellmonk_ecumenical_altar_arch_garden
D:2:      minmay_inner_zag, layout_rooms, minmay_pentomino_r4

Skill      XL: |  1  2 |
---------------+-------+-----
Axes           | 4 |  4.1
Fighting       | |  3.9
Armour         | |  2.8
Dodging        | |  2.5

Action                   || total
-------------------------++-------
Melee: Hand axe          ||    30
       Headbutt          ||     7
Armor: Animal skin       ||     7
Dodge: Dodged            ||    23

Table legend: (Time is in decaauts)
 A = Elapsed time spent in this place.
 B = Non-inter-level travel time spent in this place.
 C = Inter-level travel time spent in this place.
 D = Time resting spent in this place.
 E = Time spent auto-exploring this place.
 F = Levels seen in this place.
 G = Mean time per level.
                   A        B        C        D        E       F      G
               +--------+--------+--------+--------+--------+-----+--------+
         Total |   1152 |   1123 |     29 |    120 |    844 |   2 |  576.0 |
       Dungeon |   1152 |   1123 |     29 |    120 |    844 |   2 |  576.0 |
               +--------+--------+--------+--------+--------+-----+--------+

Top non-repeatable levels by time:
     D:1: 1022 daAuts
     D:2: 130 daAuts
